 Dungeon Crawl Stone Soup version 0.30-a0-802-gb92711bcdf (console) character file.

Game seed: 15483937910856271407

165 petzl the Sneak (level 5, -2/33 (41) HPs)
             Began as a Formicid Delver on Feb 25, 2023.
             Slain by a two-headed ogre
             ... wielding a +0 giant club
              (12 damage)
             ... on level 11 of the Dungeon on Mar 2, 2023.
             The game lasted 00:13:52 (3750 turns).

petzl the Sneak (Formicid Delver)                   Turns: 3750, Time: 00:13:53

HP:   -2/33 (41)    AC:  7    Str: 17    XL:     5   Next: 75%
MP:   10/10         EV: 12    Int: 11    God:
Gold: 108           SH:  0    Dex: 15    Spells: 11/11 levels left

rFire   . . .      SeeInvis +    a - +2 shortbow (flame)
rCold   . . .      Faith    .    (no shield)
rNeg    . . .      Spirit   .    g - +0 leather armour
rPois   .          Reflect  .    (helmet unavailable)
rElec   .          Harm     .    z - +0 cloak
rCorr   .          Rampage  .    u - +2 pair of gloves
Will    .....                    (no boots)
Stlth   +++                      (no amulet)
HPRegen 0.25/turn                (no ring)
MPRegen 0.12/turn                (no ring)

@: heavily drained
A: permanent stasis, dig shafts and tunnels, antennae 3, four strong arms
a: Dig, Shaft Self


You were on level 11 of the Dungeon.
You visited 1 branch of the dungeon, and saw 12 of its levels.

You collected 288 gold pieces.
You spent 180 gold pieces at shops.

Inventory:

Hand Weapons
 a - a +2 shortbow of flaming (weapon)
 b - a +0 mace
 A - the +2 rapier "Killer Klown's Bane" {antimagic, Fly}
   (You found it on level 11 of the Dungeon)

   Fly:       It grants you flight.
Missiles
 k - 39 stones
 n - 3 datura-tipped darts
 q - 7 poisoned darts
Armour
 g - a +0 leather armour (worn)
 u - a +2 pair of gloves (worn)
 z - a +0 cloak (worn)
Wands
 f - a wand of digging (3)
 w - a wand of roots (3)
Scrolls
 c - a scroll of fog
 d - a scroll of magic mapping
 e - a scroll of fear
 h - 6 scrolls of identify {unknown}
 j - a scroll of teleportation {unknown}
 m - 2 scrolls of vulnerability {unknown}
 o - 2 scrolls of poison {unknown}
 p - 3 scrolls of silence {unknown}
 v - a scroll of enchant armour {unknown}
 x - a scroll of immolation {unknown}
 y - a scroll of noise {unknown}
Potions
 i - 3 potions of berserk rage {unknown}
 l - 2 potions of heal wounds {unknown}
 r - 2 potions of curing {unknown}
 s - 3 potions of lignification {unknown}
 t - a potion of cancellation {unknown}


   Skills:
 - Level 3.2 Fighting
 - Level 2.0 Maces & Flails
 - Level 3.1 Ranged Weapons
 - Level 1.7 Dodging
 - Level 6.0 Stealth
 + Level 3.6 Spellcasting


You had 11 spell levels left.
You didn't know any spells.
Your spell library contained the following spells:

 Spells                   Type           Power      Damage    Failure   Level
 Ensorcelled Hibernation  Hex/Ice        2%         N/A       43%         2
 Passwall                 Tmut/Erth      0%         N/A       43%         2
 Swiftness                Air            Unusable   N/A       N/A         3

Dungeon Overview and Level Annotations

Branches:
Dungeon (12/15)
 Temple: D:4-7         Lair: D:8-11         Orc: D:9-12

Altars:
Gozag
Nemelex Xobeh

Shops:
D:3 (   D:6 :   D:7 =

Annotations:
D:5 exclusions: downstairs and hound
D:6 exclusion: 2 gnolls
D:7 exclusion: downstairs
D:9 exclusions: 2 trolls, two-headed ogre and wyvern


Innate Abilities, Weirdness & Mutations

You cannot be hasted, slowed, berserked, paralysed or teleported.
You can dig through walls and to a lower floor.
You have a pair of large antennae on your head. (SInv)
Your four strong arms can wield two-handed weapons with a shield.


Message History

The gnoll sergeant hits you from afar with a +3 trident of protection.
There is a stone staircase leading up here.
You can't go down here!
The gnoll sergeant barely misses you.
You climb upwards.
Found 2 fuming puce potions.
There is a stone staircase leading down here.
The gnoll sergeant attacks as you move away!
The gnoll sergeant closely misses you.
Found 15 gold pieces.
The gnoll sergeant completely misses you.
You open the door. The gnoll sergeant barely misses you.
There is an open door here.
Aiming: Fastroot
Press: ? - help, Shift-Dir - straight line, f - gnoll sergeant
Aim: a gnoll sergeant, wielding a +3 trident of protection and wearing a +0 ring mail The roots erupt in riotous growth!
Roots grab the gnoll sergeant.
The grasping roots constrict the gnoll sergeant.
The gnoll sergeant hits you from afar with a +3 trident of protection.
The grasping roots constrict the gnoll sergeant.
The roots release their grip on the gnoll sergeant.
A two-headed ogre comes into view.
It is wielding a +0 giant club and a +0 giant spiked club.
The two-headed ogre shouts in stereo!
Found a translucent rapier.
Found a bubbling brown potion.
Found 39 gold pieces.
Found a scroll labelled ZUOCU SUFFEHO and a scale mail.
Found a war axe.
You see here the +2 rapier "Killer Klown's Bane" {antimagic, Fly}.
A - the +2 rapier "Killer Klown's Bane" {antimagic, Fly} The gnoll sergeant hits you from afar with a +3 trident of protection!
A centaur comes into view.
Found a robe.
Are you sure you want to shaft yourself?
The gnoll sergeant hits you from afar with a +3 trident of protection!
* * * LOW HITPOINT WARNING * * *
You begin to dig a shaft.
You continue digging a shaft.
The gnoll sergeant misses you.
The two-headed ogre hits you with a +0 giant club!
You die...

.# ##########.#
#........#.## #
##'#####.....#.###
#.....##..........
#..$..##..>..!.#
#..........#####
##+#.......# #
.#####...#.. .?
#.........#.# ).$
########..#$#....
#..#.#....
###........ {
{#.......~~.
#!.....~~~~
#.....~~~~~
+..g.~~~~~~
#..O.~~~~~~
#..@.~~~~~~ {
{#....~~~~~~
#....~~~~~~
[...[.~~~~~~
.......~~~~~~
.........~~~~~~
.........#~~~~~
#######+###~~~c


You could see a two-headed ogre, a gnoll sergeant and a centaur (asleep).

Vanquished Creatures
  Jessica (D:2)
  An orc wizard (D:7)
  3 adders
  3 dart slugs
  5 orcs
  6 bats
  10 endoplasms
  A giant cockroach (D:1)
  8 goblins
  5 hobgoblins
  3 jackals
  3 quokkas
  9 ball pythons
  4 frilled lizards
  7 kobolds
  4 rats
73 creatures vanquished.

Vanquished Creatures (others)
  2 demonic plants (D:4)
  2 plants (D:2)
4 creatures vanquished.

Grand Total: 77 creatures vanquished

Notes
Turn   | Place    | Note
-------+----------+-------------------------------------------
     0 | D:5      | petzl the Formicid Delver began the quest for the Orb.
     0 | D:5      | Reached XP level 1. HP: 18/18 MP: 1/1
    13 | D:6      | Noticed an iguana
    13 | D:6      | Found Loisum's Book Shop.
    58 | D:5      | Noticed a lemure
   123 | D:4      | You fall into a shaft and drop 2 floors!
   226 | D:5      | Noticed a hound
   237 | D:5      | Found an opulent altar of Gozag.
   346 | D:4      | Reached skill level 1 in Ranged Weapons
   346 | D:4      | Reached skill level 1 in Spellcasting
   346 | D:4      | Reached XP level 2. HP: 24/24 MP: 3/3
   509 | D:3      | Found Hair's Antique Weapon Shop.
   647 | D:2      | Reached XP level 3. HP: 29/29 MP: 5/5
  1101 | D:1      | Reached XP level 4. HP: 29/35 MP: 7/7
  1750 | D:2      | You fall into a shaft and drop 2 floors!
  2033 | D:2      | Noticed Jessica
  2036 | D:2      | Killed Jessica
  2037 | D:2      | Reached XP level 5. HP: 41/41 MP: 7/9
  3197 | D:3      | Bought a runed shortbow for 180 gold pieces
  3264 | D:4      | You fall into a shaft and drop 3 floors!
  3290 | D:8      | Noticed a two-headed ogre
  3293 | D:7      | Found Fodoss's Jewellery Boutique.
  3303 | D:7      | Noticed a cyclops
  3349 | D:7      | Noticed a bullfrog
  3356 | D:7      | You fall into a shaft and drop 2 floors!
  3356 | D:9      | Found a sparkling altar of Nemelex Xobeh.
  3472 | D:10     | Entered Level 10 of the Dungeon
  3485 | D:10     | Noticed a yak
  3488 | D:10     | Noticed a yak
  3488 | D:10     | Noticed a yak
  3489 | D:10     | Noticed a yak
  3490 | D:10     | Noticed a yak
  3500 | D:10     | Noticed a yak
  3514 | D:9      | Noticed a two-headed ogre
  3523 | D:9      | Noticed a troll
  3564 | D:9      | Noticed a troll
  3579 | D:9      | Noticed a wyvern
  3599 | D:9      | Noticed an orc warrior
  3637 | D:9      | You fall into a shaft and drop 3 floors!
  3734 | D:11     | Noticed a two-headed ogre
  3746 | D:11     | Identified the +2 rapier "Killer Klown's Bane" {antimagic,
                  | Fly}
  3748 | D:11     | Noticed a centaur
  3750 | D:11     | Slain by a two-headed ogre

Illustrated notes

Levels and vault maps discovered:
D:1:      scummos_arrival_hexagon, layout_loops_ring, minmay_ruptured
D:2:      layout_loops_ring, kennysheep_decorative_pillar, serial_bayou_ford_a,
          uniq_jessica
D:3:      layout_basic, serial_shops, nicolae_diamond_shop,
          chequers_serial_rivers_large_b
D:4:      layout_loops_ring, serial_demonic, serial_demonic_e, serial_demonic_e,
          serial_demonic_b, serial_demonic_b
D:5:      layout_loops_ring, nicolae_gozag_seed_capital,
          gup_ossuary_entry_pyramid, uniq_duvessa, uniq_pikel
D:6:      layout_cave_pods, minmay_temple_entry_from_below_a, serial_shops,
          shop, sigmund_army
D:7:      lemuel_ice_spiral_2, layout_rooms, serial_shops,
          nicolae_stop_n_shop_1, enter_bailey_3
D:8:      layout_basic, hellmonk_guarded_unrand_gong
D:9:      layout_rooms, lightli_temple_of_fire,
          nemelex_xobeh_ov_fountains_minmay, orc_david_3,
          minmay_tree_intersection, minmay_misc_feat_columns,
          due_unseen_surprise
D:10:     layout_rooms, lemuel_round_altar, mainiacjoe_overflow_divided_tiny,
          zin_scriptorium, erik_lair_orcish_takeover, minmay_holes
D:11:     layout_basic, led_xom_imps
D:12:     layout_basic

Skill      XL: |  1  2  3  4  5 |
---------------+----------------+-----
Ranged Weapons | 1 2 3 |  3.1
Spellcasting   | 1 2 3 |  3.6
Fighting       | |  3.2
Maces & Flails | |  2.0
Dodging        | |  1.7
Stealth        | |  6.0

Action                     |  1- 3 |  4- 6 || total
---------------------------+-------+-------++-------
  Melee: Mace              |    28 |    15 ||    43
         Punch             |     1 |       ||     1
   Fire: Sling             |    97 |   108 ||   205
         Shortbow          |       |    26 ||    26
Ability: Shaft Self        |     1 |     5 ||     6
         Dig               |       |     3 ||     3
  Evoke: Wand              |       |     2 ||     2
 Armour: Leather armour    |    33 |    29 ||    62
  Dodge: Dodged            |    71 |    70 ||   141

Table legend: (Time is in decaauts)
 A = Elapsed time spent in this place.
 B = Non-inter-level travel time spent in this place.
 C = Inter-level travel time spent in this place.
 D = Time resting spent in this place.
 E = Time spent auto-exploring this place.
 F = Levels seen in this place.
 G = Mean time per level.
                   A        B        C        D        E       F      G
               +--------+--------+--------+--------+--------+-----+--------+
         Total |   3880 |   3744 |    136 |    521 |   2071 |  12 |  323.3 |
       Dungeon |   3880 |   3744 |    136 |    521 |   2071 |  12 |  323.3 |
               +--------+--------+--------+--------+--------+-----+--------+

Top non-repeatable levels by time:
     D:3: 1237 daAuts
     D:1: 890 daAuts
     D:2: 667 daAuts
     D:5: 268 daAuts
     D:9: 254 daAuts
     D:4: 217 daAuts
     D:6: 106 daAuts
     D:7: 95 daAuts
    D:12: 78 daAuts
    D:11: 33 daAuts
    D:10: 28 daAuts
     D:8: 1 daAuts
